 Dungeon Crawl Stone Soup version 0.27.1-33-g824d729ab1 (webtiles) character file.

Game seed: 17949931316694163466

117 lordive the Magician (level 5, 0/35 HPs)
             Began as a Djinni Fire Elementalist on Dec 25, 2021.
             Slain by an ogre (18 damage)
             ... on level 3 of the Dungeon.
             The game lasted 00:09:06 (3220 turns).

lordive the Magician (Djinni Fire Elementalist)     Turns: 3220, Time: 00:09:07

Health: 0/35       AC:  2    Str:  7    XL:     5   Next: 22%
Gold:   200        EV: 13    Int: 17    God:
                   SH:  0    Dex: 14

rFire    + + .     SeeInvis .   b - +0 short sword
rCold    x . .     Faith    .   (no shield)
rNeg     . . .     Spirit   .   a - +0 robe
rPois    ∞         Reflect  .   (no helmet)
rElec    .         Harm     .   (no cloak)
rCorr    .         Rampage  .   (no gloves)
Will     .....                  (boots unavailable)
Stlth    ++........             (no amulet)
HPRegen  0.11/turn              (no ring)
MPRegen  0.00/turn              (no ring)

@: flying
A: sickness immunity, fire resistance 2, cold vulnerability 1, float, innate
caster, hp casting, extra vitality 1
a: no special abilities


You were on level 3 of the Dungeon.
You visited 1 branch of the dungeon, and saw 3 of its levels.

You collected 200 gold pieces.

Inventory:

Hand Weapons
 b - a +0 short sword (weapon)
Armour
 a - a +0 robe (worn)
 c - a +0 scale mail
Wands
 j - a wand of digging (8)
Scrolls
 f - 2 scrolls of blinking {unknown}
 h - a scroll of identify {unknown}
 k - a scroll of magic mapping {unknown}
Potions
 d - a potion of curing {unknown}
 e - 2 potions of invisibility {unknown}
 g - 2 potions of brilliance {unknown}
 i - a potion of mutation {unknown}


   Skills:
 + Level 0.1 Fighting
 + Level 2.9 Dodging
 + Level 1.7 Stealth
 * Level 4.0 Spellcasting


You couldn't memorise any spells.
You knew the following spells:

 Your Spells              Type           Power      Damage    Failure   Level
a - Foxfire               Conj/Fire      68%        2x1d7     3%          1
b - Conjure Flame         Conj/Fire      17%        6-21      9%          3
c - Inner Flame           Hex/Fire       17%        N/A       9%          3
d - Sticky Flame          Conj/Fire      17%        2d4       30%         4
e - Fireball              Conj/Fire      8%         3d6       63%         5
f - Animate Skeleton      Necr           34%        N/A       3%          1
g - Wereblood             Tmut           17%        N/A       4%          2
Your spell library was empty.

Dungeon Overview and Level Annotations

Branches:
Dungeon (3/15)

Altars:

Annotations:
D:3 zeram's ghost, amateur HOFi


Innate Abilities, Weirdness & Mutations

You are immune to sickness and miasma.
You are immune to poison.
Your flesh is very heat resistant. (rF++)
You are vulnerable to cold. (rC-)
You float through the air rather than walking.
You learn spells naturally, not from books.
Your magical power is your life essence.
You have superior vitality. (+4 HP)


Message History

The ogre shouts!
Casting: Foxfire (safe; 3% risk of failure)
Confirm with . or Enter, or press ? or * to list all spells.
You can't see any susceptible monsters within range! (Use Z to cast anyway.)
There is a transporter here.
You enter the transporter and appear at another place.
Casting: Foxfire (safe; 3% risk of failure)
Confirm with . or Enter, or press ? or * to list all spells.
Aiming: Inner Flame (dangerous; 9% risk of failure)
Press: ? - help, Shift-Dir - straight line, f - ogre
Aim: an ogre, wielding a +3 dire flail (chance to affect: 73%)
You miscast Inner Flame.
You are very lightly contaminated with residual magic.
Nothing appears to happen.
Casting: Inner Flame (dangerous; 9% risk of failure)
Confirm with . or Enter, or press ? or * to list all spells.
The fire begins to smoulder!
Zeram's ghost says, "I am made of steel!"
The fire ignites!
There is a transporter here.
You enter the transporter and appear at another place.
The ogre barely misses you.
There is a transporter here.
Your magical contamination has completely faded away.
Casting: Conjure Flame (dangerous; 9% risk of failure)
Confirm with . or Enter, or press ? or * to list all spells.
The fire begins to smoulder!
The ogre misses you.
The ogre smothers the flame.
Casting: Conjure Flame (dangerous; 9% risk of failure)
Confirm with . or Enter, or press ? or * to list all spells.
The fire begins to smoulder!
The ogre smothers the flame.
Casting: Conjure Flame (dangerous; 9% risk of failure)
Confirm with . or Enter, or press ? or * to list all spells.
The fire begins to smoulder!
The ogre hits you with a +3 dire flail.
The ogre smothers the flame.
You reach down and open the door.
The ogre hits you with a +3 dire flail!!
Ouch! That really hurt!
You die...

#######.#..# #.# #.....#<#..# #.#
#.....###..# #.# ...........# #.#
#.....###.## #.# ## ####### #.#
#.# #. ##'## ######## #.# #.
########...#######......####.###.
...............O@'..)...)........
####.......#######......########.
####.........(..##......# #.
#.......................# #.
#.##................##### ##
#.######............# #.#
#.......####....# #.###.......#
#....# ............# #....#


You could see an ogre.

Vanquished Creatures
  Jessica (D:3)
  Ijyb (D:3)
  2 adders (D:2)
  2 dart slugs
  2 ball pythons (D:1)
  5 endoplasms
  5 goblins
  6 hobgoblins
  5 quokkas
  4 bats
  4 frilled lizards
  7 kobolds
  A rat (D:1)
45 creatures vanquished.

Vanquished Creatures (others)
  112 foxfires
  A plant (D:3)
113 creatures vanquished.

Grand Total: 158 creatures vanquished

Notes
Turn   | Place    | Note
-------+----------+-------------------------------------------
     0 | D:1      | lordive the Djinni Fire Elementalist began the quest for
                  | the Orb.
     0 | D:1      | Reached XP level 1. HP: 15/15 MP: 0/0
   252 | D:1      | Reached XP level 2. HP: 19/21 MP: 0/0
   791 | D:1      | Reached skill level 3 in Spellcasting
   791 | D:1      | Reached XP level 3. HP: 6/25 MP: 0/0
   791 | D:1      | Learned a level 1 spell: Animate Skeleton
  2083 | D:2      | Reached XP level 4. HP: 29/31 MP: 0/0
  2345 | D:3      | Noticed an ogre
  2346 | D:3      | Noticed zeram's ghost (amateur HOFi)
  2347 | D:3      | Found a transporter.
  2352 | D:3      | Found a transporter.
  2466 | D:3      | Noticed Jessica
  2473 | D:3      | Killed Jessica
  2598 | D:3      | Noticed Ijyb
  2609 | D:3      | Killed Ijyb
  2610 | D:3      | Reached XP level 5. HP: 22/35 MP: 0/0
  2610 | D:3      | Learned a level 2 spell: Wereblood
  2773 | D:3      | Found a faded altar of an unknown god.
  2842 | D:3      | Reached skill level 4 in Spellcasting
  3220 | D:3      | Slain by an ogre

Illustrated notes

Levels and vault maps discovered:
D:1:      nzn_arrival_water_spiral, layout_basic, st_stairs_5
D:2:      layout_basic
D:3:      layout_basic, gammafunk_ghost_smash, dreamdust_ecumenical_altar_grove,
          kennysheep_cross_room, uniq_ijyb, uniq_jessica

Skill      XL: |  1  2  3  4  5 |
---------------+----------------+-----
Spellcasting   | 3 4 |  4.0
Fighting       | |  0.1
Dodging        | |  2.9
Stealth        | |  1.7

Action                   |  1- 3 |  4- 6 || total
-------------------------+-------+-------++-------
Melee: Short sword       |       |     1 ||     1
 Cast: Foxfire           |    51 |    22 ||    73
       Conjure Flame     |       |     4 ||     4
       Inner Flame       |       |     1 ||     1
Armor: Robe              |     2 |     4 ||     6
Dodge: Dodged            |    14 |     7 ||    21
